Map: King's Cove LE

Players

TossOP

  • Race: Protoss Protoss
  • League: Gold
  • Spawn Location: 5:00

Descending - Winner!

  • Race: Protoss Protoss
  • League: Platinum
  • Spawn Location: 11:00

VOD

Have the link to the VOD?

Description

Time

  • Played on: Aug. 19, 2019, 9:05 a.m.
  • Length: 10:40
Show
View Real Time Build Order
Export as new Build Order

TossOP Protoss 

Build Orders: Double Forge 

Get SALT Encoding   

  12  0:01  Probe  
  13  0:13  Probe  
  14  0:19  Pylon  
  14  0:25  Probe  
  15  0:35  Probe  
  15  0:40  Gateway  
  16  0:44  Probe  
  17  0:52  Probe  
  17  0:53  Assimilator  
  18  1:03  Probe  
  19  1:15  Pylon  
  19  1:16  Probe  
  20  1:28  Probe  
  21  1:33  Cybernetics Core  
  21  1:40  Probe  
  21  1:42  Assimilator  
  22  1:52  Probe  
  23  2:04  Probe  
  23  2:05  Stalker  
  23  2:07  Nexus  
  24  2:10  Warp Gate  
  25  2:28  Probe  
  26  2:34  Sentry  
  28  2:40  Probe  
  28  2:41  Pylon  
  29  2:47  Gateway  
  29  2:50  Probe  
  30  2:58  Pylon, Probe  
  31  3:06  Probe  
  31  3:07  Stalker  
  34  3:18  Probe  
  35  3:22  Robotics Facility  
  35  3:23  Probe  
  36  3:30  Probe  
  37  3:39  Probe  
  37  3:42  Probe  
  37  3:47  Probe  
  39  3:55  Probe  
  41  3:56  Probe  
  42  4:05  Twilight Council  
  42  4:07  Forge  
  42  4:10  Robotics Bay  
  42  4:15  Observer  
  42  4:16  Stalker  
  45  4:18  Stalker  
  47  4:28  Probe x2  
  47  4:31  Forge  
  49  4:36  Probe  
  49  4:38  Immortal  
  49  4:41  Probe  
  49  4:45  Charge, Probe  
  55  4:52  Zealot  
  58  4:53  Zealot, Probe  
  58  4:54  Assimilator  
  58  4:58  Assimilator  
  61  5:03  Pylon  
  61  5:04  Pylon, Probe  
  62  5:21  Probe x2  
  64  5:24  Protoss Ground Armor Level 1  
  64  5:27  Stalker x2  
  68  5:33  Protoss Ground Weapons Level 1, Probe x2  
  70  5:45  Pylon, Probe x2  
  72  5:57  Nexus  
  72  5:58  Probe x2  
  72  5:59  Pylon  
  74  6:10  Probe  
  74  6:11  Probe  
  76  6:13  Immortal  
  76  6:20  Zealot x2  
  76  6:25  Nexus  
  84  6:29  Gateway  
  84  6:31  Gateway  
  80  6:48  Zealot  
  80  6:49  Zealot  
  84  7:00  Pylon  
  84  7:03  Pylon  
  84  7:04  Gateway  
  84  7:10  Pylon  
  84  7:12  Pylon  
  84  7:14  Templar Archives  
  84  7:15  Pylon, Probe x2, Protoss Ground Armor Level 2  
  86  7:19  Zealot x2  
  86  7:20  Warp Prism  
  90  7:23  Protoss Ground Weapons Level 2  
  90  7:27  Zealot, Probe x2  
  90  7:28  Zealot  
  98  7:39  Probe x2  
  100  7:45  Zealot x2  
  100  7:48  Gateway  
  100  7:50  Gateway  
  102  8:10  Pylon  
  90  8:13  Colossus  
  72  8:20  Zealot x3  
  72  8:21  Zealot x2  
  78  8:42  Zealot x4  
  78  8:43  Zealot  
  84  8:52  Zealot x2  
  84  8:53  Colossus  
  70  9:12  Stalker x2  
  70  9:13  Stalker  
  75  9:22  High Templar x3  
  79  9:28  Gateway x2  
  79  9:31  Gateway  
  77  9:40  Colossus  
  15  10:17  Stalker x2  
  15  10:19  Zealot x3  
Show
View Real Time Build Order
Export as new Build Order

Descending Protoss - Winner!

Build Orders: Double Forge 

Get SALT Encoding   

  12  0:03  Probe  
  13  0:15  Probe  
  14  0:21  Pylon  
  14  0:25  Probe  
  15  0:35  Probe  
  16  0:43  Gateway  
  16  0:44  Probe  
  17  0:57  Probe, Assimilator  
  18  1:06  Forge  
  18  1:20  Pylon  
  18  1:34  Cybernetics Core  
  18  1:49  Nexus  
  18  1:55  Zealot  
  18  1:57  Probe  
  21  2:07  Warp Gate  
  21  2:10  Probe  
  21  2:12  Assimilator  
  22  2:22  Zealot  
  24  2:33  Shield Battery  
  24  2:42  Probe  
  25  2:49  Zealot  
  27  2:54  Probe  
  27  2:57  Gateway  
  28  3:01  Robotics Facility  
  28  3:06  Probe  
  28  3:08  Protoss Ground Weapons Level 1  
  28  3:12  Probe  
  30  3:24  Probe  
  30  3:25  Zealot  
  33  3:36  Probe  
  33  3:37  Probe  
  35  3:48  Probe  
  35  3:50  Probe  
  35  3:54  Pylon  
  37  3:58  Gateway  
  37  4:00  Warp Prism  
  39  4:08  Pylon  
  39  4:12  Pylon  
  39  4:23  Zealot x2  
  43  4:28  Probe  
  44  4:38  Probe  
  44  4:40  Probe  
  44  4:41  Forge  
  46  4:46  Probe  
  46  4:50  Zealot x2  
  52  4:52  Probe  
  52  5:03  Probe  
  53  5:07  Probe  
  53  5:08  Twilight Council  
  53  5:11  Probe, Protoss Ground Armor Level 1  
  54  5:16  Protoss Shields Level 1  
  54  5:19  Probe  
  56  5:25  Probe  
  56  5:27  Probe  
  56  5:34  Warp Prism  
  60  5:42  Pylon  
  60  5:53  Charge  
  60  6:04  Nexus  
  60  6:10  Observer  
  53  6:41  Zealot x2  
  53  6:42  Zealot  
  57  6:54  Gateway  
  57  6:56  Gateway  
  57  6:58  Gateway  
  57  7:05  Shield Battery  
  57  7:08  Zealot  
  57  7:09  Zealot x2  
  63  7:20  Protoss Ground Weapons Level 2  
  63  7:24  Probe  
  63  7:27  Probe x2  
  66  7:32  Probe  
  67  7:39  Probe x2  
  67  7:42  Pylon  
  69  7:51  Probe x2  
  69  7:56  Zealot  
  69  7:57  Zealot x3  
  69  7:58  Zealot  
  81  7:59  Zealot  
  75  8:18  Zealot x2  
  75  8:19  Zealot x2  
  71  8:20  Zealot x2  
  73  8:42  Zealot x2  
  73  8:43  Zealot x3  
  73  8:44  Zealot  
  81  9:01  Gateway  
  73  9:04  Gateway  
  73  9:07  Zealot x3  
  73  9:08  Zealot x3  
  77  9:28  Zealot x3  
  77  9:29  Zealot x2  
  77  9:30  Zealot  
  83  9:55  Zealot x2  
  83  9:56  Zealot x3  
  83  9:57  Zealot  
  95  10:03  Zealot x2  
  83  10:17  Pylon  
  83  10:19  Zealot  
  83  10:20  Zealot x3  
  87  10:21  Zealot  
  87  10:22  Zealot  
  89  10:33  Zealot x2  
Tags
 
Add a new tag
Caveats
  • Supply blocks, unpowered buildings, or Contaminate may cause inaccurate times.
  • Supply counts are checked every 10 seconds.